 Dungeon Crawl Stone Soup version 0.28-a0-1567-g1695149f81 (webtiles) character file.

Game seed: 13905429849888346844

16 issech the Shield-Bearer (level 2, -3/29 HPs)
             Began as a Troll Fighter on Jan 19, 2022.
             Succumbed to a kobold's poison
             ... on level 1 of the Dungeon.
             The game lasted 00:02:29 (380 turns).

issech the Shield-Bearer (Troll Fighter)             Turns: 380, Time: 00:02:30

Health: -3/29      AC:  4    Str: 23    XL:     2   Next: 41%
Magic:  1/1        EV:  8    Int:  4    God:
Gold:   9          SH:  7    Dex:  9    Spells: 1/1 levels left

rFire   . . .      SeeInvis .   a - +0 flail
rCold   . . .      Faith    .   c - +0 kite shield
rNeg    . . .      Spirit   .   b - +0 robe
rPois   .          Reflect  .   (helmet restricted)
rElec   .          Harm     .   (no cloak)
rCorr   .          Rampage  .   (gloves unavailable)
Will    .....                   (boots unavailable)
Stlth   +.........              (no amulet)
HPRegen 0.89/turn               (no ring)
MPRegen 0.07/turn               (no ring)

@: lethally poisoned (-3 -> -29)
A: large, unfitting armour, claws 3, regeneration 1, shaggy fur 1, tough skin 1
a: no special abilities


You were on level 1 of the Dungeon.
You visited 1 branch of the dungeon, and saw 1 of its levels.

You collected 9 gold pieces.

Inventory:

Hand Weapons
 a - a +0 flail (weapon)
Missiles
 e - 5 poisoned darts
 f - 25 stones (quivered)
 h - 19 bolts
Armour
 b - a +0 robe (worn)
 c - a +0 kite shield (worn)
 g - a +1 pair of gloves
Scrolls
 i - 2 scrolls of identify {unknown}
Potions
 d - a potion of might


   Skills:
 + Level 2.6 Fighting
 + Level 1.9 Maces & Flails
 + Level 0.1 Throwing
 + Level 2.6 Dodging
 + Level 2.6 Shields


You had one spell level left.
You didn't know any spells.
Your spell library was empty.

Dungeon Overview and Level Annotations

Branches:
Dungeon (1/15)

Altars:


Innate Abilities, Weirdness & Mutations

You are too large for most types of armour.
You have claws for hands.
Your natural rate of healing is unusually fast.
You are covered in fur. (AC +1)
You have tough skin. (AC +1)


Message History

The hobgoblin is moderately wounded.
You block the bat's attack.
You thump the bat!
You kill the bat!
The hobgoblin completely misses you.
You thump the hobgoblin!
You kill the hobgoblin!
Found a scroll labelled BAMUITSOROU.
You see here a bat corpse.
f - 25 stones (gained 1)
i - 2 scrolls labelled BAMUITSOROU (gained 1)
Found 9 gold pieces.
Found a stone staircase leading down.
You now have 9 gold pieces.
A kobold comes into view.
It is wielding a +2 short sword of venom.
The kobold shouts!
You barely miss the kobold.
The kobold hits you with a +2 short sword of venom.
You are poisoned.
You miss the kobold.
You feel very sick. You block the kobold's attack.
The kobold hits you with a +2 short sword of venom.
You closely miss the kobold.
You feel sick. You block the kobold's attack.
You hit the kobold.
The kobold is heavily wounded.
You feel sick.
The kobold hits you with a +2 short sword of venom.
You are more poisoned.
You barely miss the kobold.
The kobold is heavily wounded.
You feel very sick. The kobold hits you but does no damage.
You are more poisoned.
The kobold hits you with a +2 short sword of venom!
* * * LOW HITPOINT WARNING * * *
You are more poisoned.
You hit the kobold.
You kill the kobold!
You die...

#.........###...#######.....#
####.#....# #...# #.....####
#......###...#######.........
###........#...............#.
#........#...............#.
#........#.................
#........#.................
##........#)........####....
#..........@........ #....
#...............### #....
#...............# #....
###.....>.......# .....
#............... ....
..................
#..................
#..................


There were no monsters in sight!

Vanquished Creatures
  2 dart slugs (D:1)
  3 bats (D:1)
  An endoplasm (D:1)
  2 goblins (D:1)
  2 hobgoblins (D:1)
  A frilled lizard (D:1)
  2 kobolds (D:1)
13 creatures vanquished.

Notes
Turn   | Place    | Note
-------+----------+-------------------------------------------
     0 | D:1      | issech the Troll Fighter began the quest for the Orb.
     0 | D:1      | Reached XP level 1. HP: 22/22 MP: 0/0
   201 | D:1      | Reached XP level 2. HP: 29/29 MP: 1/1
   380 | D:1      | Succumbed to a kobold's poison

Illustrated notes

Levels and vault maps discovered:
D:1:      sevenhm_arrival_forest_fort_large_4, layout_basic, serial_glass,
          glass_columns_c, glass_columns_a

Action                   || total
-------------------------++-------
Melee: Flail             ||    37
Throw: Dart              ||    12
       Stone             ||     2
Armor: Robe              ||    13
Dodge: Dodged            ||    10
Block: Kite shield       ||     9

Table legend: (Time is in decaauts)
 A = Elapsed time spent in this place.
 B = Non-inter-level travel time spent in this place.
 C = Inter-level travel time spent in this place.
 D = Time resting spent in this place.
 E = Time spent auto-exploring this place.
 F = Levels seen in this place.
 G = Mean time per level.
                   A        B        C        D        E       F      G
               +--------+--------+--------+--------+--------+-----+--------+
         Total |    398 |    398 |      0 |      0 |    107 |   1 |  398.0 |
       Dungeon |    398 |    398 |      0 |      0 |    107 |   1 |  398.0 |
               +--------+--------+--------+--------+--------+-----+--------+

Top non-repeatable levels by time:
     D:1: 398 daAuts
